 Dungeon Crawl Stone Soup version 0.22-a0-373-gab1296c (webtiles) character file.

21 Amnesiac the Skirmisher (level 2, 0/24 HPs)
             Began as a Mummy Fighter on Apr 25, 2018.
             Slain by a worm (7 damage)
             ... on level 2 of the Dungeon.
             The game lasted 00:01:36 (672 turns).

Amnesiac the Skirmisher (Mummy Fighter)              Turns: 672, Time: 00:01:36

Health: 0/24       AC:  6    Str: 19    XL:     2   Next: 62%
Magic:  2/2        EV:  7    Int:  7    God:
Gold:   44         SH:  8    Dex: 11    Spells: 1/1 levels left

rFire    x . .     SeeInvis .   a - +0 long sword
rCold    + . .     Gourm    .   c - +0 shield
rNeg     + + +     Faith    +   b - +0 scale mail
rPois    ∞         Spirit   .   (no helmet)
rElec    .         Reflect  .   (no cloak)
rCorr    .         Harm     .   (no gloves)
MR       .....                  (no boots)
Stlth    ..........             f - amulet of faith
HPRegen  0.08/turn              (no ring)
MPRegen  0.08/turn              (no ring)

@: no status effects
A: no food or potions, fire vulnerability, cold resistance 1, negative energy
resistance 3, torment resistance, unbreathing
a: no special abilities


You were on level 2 of the Dungeon.
You were not hungry.

You visited 1 branch of the dungeon, and saw 2 of its levels.

You collected 44 gold pieces.

Inventory:

Hand Weapons
 a - a +0 long sword (weapon)
Missiles
 g - 31 stones (quivered)
Armour
 b - a +0 scale mail (worn)
 c - a +0 shield (worn)
Jewellery
 f - an amulet of faith (around neck)
 h - an uncursed ring of wizardry {unknown}
Scrolls
 d - a scroll of identify {!r, unknown}
 e - a scroll of enchant weapon {!r, unknown}
 i - a scroll of remove curse {!r, unknown}


   Skills:
 - Level 3.0 Fighting
 - Level 2.0 Long Blades
 - Level 2.4 Armour
 + Level 1.4 Dodging
 - Level 2.4 Shields


You had one spell level left.
You didn't know any spells.

Dungeon Overview and Level Annotations

Branches:
Dungeon (2/15)

Altars:


Innate Abilities, Weirdness & Mutations

You do not eat or drink.
Your flesh is vulnerable to fire.
You are immune to poison.
Your flesh is cold resistant. (rC+)
You are immune to negative energy. (rN+++)
You are immune to unholy pain and torment.
You can survive without breathing.


Message History

You slash the jackal!
You kill the jackal!
Things that are here:
a hand axe; a jackal corpse You closely miss the frilled lizard.
The frilled lizard bites you but does no damage.
Your scale mail prevents you from hitting the frilled lizard.
The frilled lizard bites you but does no damage.
Your scale mail prevents you from hitting the jackal.
The jackal barely misses you.
You riposte.
You closely miss the jackal.
The jackal bites you but does no damage.
You hit the jackal.
You kill the jackal!
The frilled lizard hisses.
You slash the frilled lizard!
You kill the frilled lizard!
You see here a frilled lizard corpse.
No target in view!
Things that are here:
a hand axe; a jackal corpse No target in view!
Key pressed, stopping explore.
No target in view!
Found a stone staircase leading up.
No target in view!
A bat comes into view.
You hit the bat but do no damage. The bat hits you but does no damage. x2
The bat barely misses you.
You riposte.
You closely miss the bat. The bat hits you but does no damage.
You hit the bat.
You kill the bat!
A rat comes into view.
A rat is nearby!
You hit the rat but do no damage. You block the rat's attack.
You hit the rat.
You kill the rat!
No target in view!
No target in view!
You see here a rat corpse.
A worm comes into view.
A worm is nearby!
A worm is nearby!
The worm bites you.
You hit the worm but do no damage. The worm bites you.
Your shield prevents you from hitting the worm.
The worm barely misses you.
You hit the worm but do no damage. You hit the worm but do no damage.
You block the worm's attack.
You hit the worm.
The worm is lightly wounded.
The worm bites you.
You hit the worm.
The worm is moderately wounded.
The worm barely misses you.
You barely miss the worm.
The worm is moderately wounded.
You hit the worm.
The worm is moderately wounded.
The worm bites you!
* * * LOW HITPOINT WARNING * * *
You hit the worm but do no damage.
The worm is moderately wounded.
The worm bites you!
You die...

#..#...#......#####..#
###.....####.##
##.#.## #.# ###.## #.#
#...# #.# #.### #.#
#.# #.# #.#
#.#######.##
#.########...@w$.....
#.##........#.##.....
#.##.######.#.# ###
#.##.# #.#.# #.##†#
#.#.# ###.##.# #.#.#
#.<....# #.#.#
#.#.#### #.#.# #.#.#
#.#


You could see a worm.

Vanquished Creatures
  5 bats
  A giant cockroach (D:1)
  3 hobgoblins (D:1)
  3 jackals (D:2)
  4 frilled lizards
  A kobold (D:1)
  5 rats
22 creatures vanquished.

Notes
Turn   | Place    | Note
-------+----------+-------------------------------------------
     0 | D:1      | Amnesiac the Mummy Fighter began the quest for the Orb.
     0 | D:1      | Reached XP level 1. HP: 18/18 MP: 1/1
   234 | D:1      | Reached XP level 2. HP: 24/24 MP: 2/2
   284 | D:1      | Reached skill level 1 in Dodging
   672 | D:2      | Slain by a worm

Vault maps used:
D:1:      lemuel_arrival_behind_the_door_small
D:2:      uniq_sigmund

Skill      XL: |  1  2 |
---------------+-------+-----
Long Blades    | 2 |  2.0
Dodging        | 1 |  1.4
Fighting       | |  3.0
Armour         | |  2.4
Shields        | |  2.4

Action                   || total
-------------------------++-------
Melee: Long sword        ||    69
Armor: Scale mail        ||    29
Dodge: Dodged            ||    21
Block: Shield            ||    24
       Rpst.: Long sword ||     9

Table legend:
 A = Spawn XP
 B = Non-spawn XP
 C = Spawn XP percentage of total XP
 D = Spawn monster count
 E = Non-spawn monster count
 F = Spawn count percentage of total count
 G = Total turns spent on level
                    A         B        C        D         E        F      G
               +---------+---------+-------+---------+---------+-------+---------
         Total |       0 |      30 |   0.0 |       0 |      22 |   0.0 |   672
               +---------+---------+-------+---------+---------+-------+---------
           D:1 |       0 |      19 |   0.0 |       0 |      14 |   0.0 |   582
           D:2 |       0 |      11 |   0.0 |       0 |       8 |   0.0 |    90
               +---------+---------+-------+---------+---------+-------+---------
